 Dungeon Crawl Stone Soup version 0.19.0-1-g5985abe (webtiles) character file.

26710 varam the Grappler (level 13, -4/139 HPs)
             Began as a Troll Monk on Nov 2, 2016.
             Was a High Priest of Okawaru.
             Slain by a freezing wraith (22 damage)
             ... in an ice cave.
             The game lasted 00:40:24 (14948 turns).

varam the Grappler (Troll Monk)                    Turns: 14948, Time: 00:40:25

Health: -4/139     AC: 12    Str: 22    XL:     13   Next: 0%
Magic:  11/13      EV: 20    Int:  6    God:    Okawaru [*****.]
Gold:   920        SH:  0    Dex: 16    Spells: 1 memorised, 10 levels left

rFire  . . .     SeeInvis .       - Unarmed
rCold  . . .     Gourm    +     A - +2 robe {Archmagi}
rNeg   . . .     Faith    .     (no shield)
rPois  .         Spirit   .     V - +2 hat {MR+}
rElec  .         Reflect  .     w - +0 cloak
rCorr  .         Harm     .     (gloves unavailable)
MR     +++..                    (boots unavailable)
Stlth  +++.......               (no amulet)
                                (no ring)
                                E - ring of protection from magic

@: heroism, slowed, very slow
A: unfitting armour, claws 3, hooves 1, iridescent scales 1, fast metabolism 3,
gourmand, magic resistance 1, regeneration 1, robust 1, shaggy fur 1, tough skin
2
a: Heroism, Finesse, Renounce Religion


You were in an ice cave.
You worshipped Okawaru.
Okawaru was extremely pleased with you.
You were not hungry.

You visited 3 branches of the dungeon, and saw 17 of its levels.
You visited the Abyss 1 time.
You also visited: Ice Cave.

You collected 921 gold pieces.
You spent 1 gold pieces at shops.

Inventory:

Hand Weapons
 s - a +0 blowgun
Missiles
 r - 60 poisoned needles
 u - 9 large rocks (quivered)
 D - 18 tomahawks
 L - 2 throwing nets
Armour
 w - a +0 cloak (worn)
 A - a +2 robe of the Archmagi (worn)
 H - a +2 animal skin
 P - a cursed -2 shield
 V - a +2 hat of magic resistance (worn)
Jewellery
 d - an uncursed amulet of magic regeneration {unknown}
 E - a ring of protection from magic (left claw)
 U - an uncursed ring of ice
Wands
 h - a wand of lightning (8/15)
 i - a wand of acid (5/15)
 v - a wand of iceblast (8/15)
 y - a wand of disintegration (11/24)
 C - a wand of acid (9/15)
 F - a wand of teleportation (4/9)
 T - a wand of paralysis (8/24)
Scrolls
 k - 5 scrolls of teleportation
 l - 2 scrolls of blinking
 m - a scroll of identify
 o - 4 scrolls of remove curse
 p - 2 scrolls of recharging
 t - 4 scrolls of amnesia
 x - 2 scrolls of fear
 G - 2 scrolls of vulnerability
 I - 2 scrolls of enchant weapon
 M - 5 scrolls of noise
 N - a scroll of fog
 S - a scroll of random uselessness
Potions
 c - 2 potions of brilliance
 e - 5 potions of curing
 f - 3 potions of heal wounds
 z - a potion of magic
 B - a potion of agility
 J - a potion of cure mutation
 O - a potion of beneficial mutation {unknown}
 W - a potion of haste {unknown}
 X - a potion of mutation {unknown}
Books
 n - a book of Misfortune

   Spells                             Type                      Level
   a - Confusing Touch                Hexes                        1
   b - Confuse                        Hexes                        3
   c - Gell's Gravitas                Hexes/Translocation          3
   d - Petrify                        Transmutation/Earth          4
   e - Metabolic Englaciation         Hexes/Ice                    5
   f - Yara's Violent Unravelling     Hexes/Transmutation          5
 q - a book of Minor Magic

   Spells                             Type                      Level
   a - Magic Dart                     Conjuration                  1
   b - Blink                          Translocation                2
   c - Call Imp                       Summoning                    2
   d - Repel Missiles                 Charms/Air                   2
   e - Slow                           Hexes                        2
   f - Conjure Flame                  Conjuration/Fire             3
   g - Mephitic Cloud                 Conjuration/Poison/Air       3
 K - a book of Air

   Spells                             Type                      Level
   a - Shock                          Conjuration/Air              1
   b - Swiftness                      Charms/Air                   2
   c - Repel Missiles                 Charms/Air                   2
   d - Static Discharge               Conjuration/Air              3
   e - Lightning Bolt                 Conjuration/Air              5
 Q - a book of Summonings

   Spells                             Type                      Level
   a - Recall                         Summoning/Translocation      3
   b - Aura of Abjuration             Summoning                    5
   c - Summon Demon                   Summoning                    5
   d - Summon Forest                  Summoning/Translocation      5
   e - Summon Mana Viper              Hexes/Summoning              5
   f - Shadow Creatures               Summoning                    6
Comestibles
 a - 13 fruits
 b - 16 bread rations
 g - a royal jelly
 j - 6 meat rations
 R - 3 beef jerkies
 Y - 2 slices of pizza


   Skills:
 + Level 7.8(12.8) Fighting
 - Level 1.0(6.0) Throwing
 - Level 10.0(15.0) Dodging
 - Level 1.0(6.0) Stealth
 + Level 6.8(11.8) Shields
 + Level 13.9(18.9) Unarmed Combat
 - Level 3.1 Translocations
 + Level 1.4 Invocations


You had 10 spell levels left.
You knew the following spells:

 Your Spells              Type           Power        Failure   Level  Hunger
a - Blink                 Tloc           N/A          21%         2    ###....


Dungeon Overview and Level Annotations

Branches:
Dungeon (13/15)            Temple (1/1) D:6            Lair (3/6) D:9
  Swamp (0/4) Lair:2        Snake (0/4) Lair:2          Orc (0/2) D:9
 Vaults: D:13-14

Altars:
Ashenzari
Cheibriados
Dithmenos
Elyvilon
Fedhas
Gozag
Hepliaklqana
Kikubaaqudgha
Makhleb
Nemelex Xobeh
Okawaru
Qazlal
Ru
Sif Muna
Trog
Uskayaw
Vehumet
Xom
Yredelemnul
Zin
The Shining One

Shops:
D:5 (   D:10 %?[[   D:12 (

Annotations:
D:11 Josephine
D:12 Nessos
Lair:1 Harold


Innate Abilities, Weirdness & Mutations

You are too large for most types of armour.
You have claws for hands.
Your metabolism is lightning-fast.
You like to eat raw meat.
Your natural rate of healing is unusually fast.
You are covered in fur. (AC +1)
You have very tough skin. (AC +2)
You have large cloven feet.
You are partially covered in iridescent scales. (AC +2)
You are resistant to hostile enchantments. (MR+)
You are robust. (+10% HP)


Message History

The freezing wraith closely misses you.
The freezing wraith hits you but does no damage.
You scratch the freezing wraith but do no damage.
You kick the freezing wraith, but do no damage.
The freezing wraith is heavily damaged.
The freezing wraith hits you! The freezing wraith freezes you!!
The freezing wraith completely misses you.
You closely miss the freezing wraith.
You kick the freezing wraith, but do no damage.
The freezing wraith is heavily damaged.
The freezing wraith hits you! The freezing wraith freezes you!!
* * * LOW HITPOINT WARNING * * *
The freezing wraith hits you but does no damage.
The freezing wraith misses you.
The freezing wraith hits you but does no damage.
You gain the combat prowess of a mighty hero.
The freezing wraith hits you!
* * * LOW HITPOINT WARNING * * *
The freezing wraith freezes you!!
You die...

# ##...###
### ##....###
#.##
###....##
...##
###.W.###
....##
###...###
.....####
###...##
........##
##...#
..###....##
###W.# ###
###...#
##.@..# #
##..#
##....##
#...###...###
##..###...##
##..###...##
##..###...##
#.......###
##....###
######


You could see a freezing wraith.

Vanquished Creatures
  Gastronok (Lair:1)
  A hydra (Lair:3)
  Erica (D:9)
  The ghost of Dustman the Spear-Bearer, a novice HuGl of Ru (IceCv)
  Nergalle (D:10)
  An unseen horror (D:9)
  The ghost of Gruud the Carver, a novice DsGl of Uskayaw (D:8)
  3 hill giants
  A cyclops (D:13)
  5 elephants (Lair:2)
  4 spiny frogs
  A black mamba (Lair:2)
  A kobold demonologist (D:12)
  2 rime drakes
  A komodo dragon (Lair:1)
  The ghost of no0bjke the Covered, an amateur MiFi (D:4)
  6 freezing wraiths (IceCv)
  2 trolls
  A polar bear (Lair:2)
  A wolf spider simulacrum (IceCv)
  4 raiju (Abyss:1)
  3 two-headed ogres
  5 hippogriffs
  2 spriggans
  A vampire (D:10)
  15 yaks
  A hungry ghost (D:9)
  2 nagas (Lair:2)
  Edmund (D:6)
  The ghost of Cokeysmoke the Conjurer, an amateur TeCj (D:3)
  4 water moccasins
  3 porcupines
  11 ice beasts
  2 black bears (Lair:2)
  4 orc warriors
  2 sky beasts
  3 ogres
  A phantom (D:9)
  A centaur (D:10)
  5 wolves (Lair:3)
  6 big kobolds
  3 crocodiles
  11 bullfrogs
  4 scorpions
  A water moccasin skeleton (D:11)
  13 killer bees
  2 elephant simulacra (IceCv)
  An electric eel (Lair:3)
  3 wights (D:6)
  4 howler monkeys
  6 crimson imps
  2 bullfrog zombies
  A quasit (D:10)
  5 hounds
  3 bullfrog skeletons
  8 orc priests
  2 jellies
  11 orc wizards
  2 iguanas (D:8)
  8 worker ants
  7 hell rats (Lair:3)
  A wolf simulacrum (IceCv)
  2 hound zombies
  7 adders
  14 river rats (Lair:3)
  2 shadow imps
  5 white imps (IceCv)
  An ooze (D:6)
  An adder skeleton (D:5)
  A worm (D:4)
  2 dart slugs (D:2)
  2 leopard geckos
  55 orcs
  5 bats
  8 giant cockroaches
  6 goblins
  12 hobgoblins
  14 jackals
  2 quokkas
  A ball python (D:1)
  5 frilled lizards
  A giant cockroach zombie (D:6)
  17 kobolds
  18 rats
392 creatures vanquished.

Vanquished Creatures (others)
  A bush (Lair:1)
  A plant (Lair:2)
2 creatures vanquished.

Grand Total: 394 creatures vanquished

Notes
Turn   | Place    | Note
-------+----------+-------------------------------------------
     0 | D:1      | varam the Troll Monk began the quest for the Orb.
     0 | D:1      | Reached XP level 1. HP: 22/22 MP: 0/0
   208 | D:1      | Reached XP level 2. HP: 29/29 MP: 1/1
   786 | D:1      | Reached skill level 4 in Unarmed Combat
   946 | D:2      | Found a faded altar of an unknown god.
   946 | D:2      | Found a faded altar of an unknown god.
   951 | D:2      | Found a glowing golden altar of the Shining One.
   953 | D:2      | Found a faded altar of an unknown god.
   955 | D:2      | Found a faded altar of an unknown god.
  1030 | D:2      | Reached XP level 3. HP: 32/36 MP: 2/2
  1440 | D:2      | Reached XP level 4. HP: 41/44 MP: 3/3
  1675 | D:3      | Reached skill level 5 in Unarmed Combat
  1682 | D:3      | Noticed Cokeysmoke's ghost (amateur TeCj)
  1915 | D:3      | Found an ancient bone altar of Kikubaaqudgha.
  1962 | D:4      | Found a white marble altar of Elyvilon.
  2089 | D:4      | Reached XP level 5. HP: 50/50 MP: 4/4
  2137 | D:4      | Reached skill level 6 in Unarmed Combat
  2152 | D:4      | Found a radiant altar of Vehumet.
  2310 | D:4      | Reached XP level 6. HP: 42/59 MP: 5/5
  2386 | D:4      | Noticed no0bjke's ghost (amateur MiFi)
  2433 | D:5      | Entered Level 5 of the Dungeon
  2487 | D:5      | Reached skill level 7 in Unarmed Combat
  2822 | D:5      | Noticed an ice beast
  2833 | D:5      | Killed an ice beast
  2833 | D:5      | Reached skill level 8 in Unarmed Combat
  2833 | D:5      | Reached XP level 7. HP: 30/66 MP: 6/6
  3070 | D:5      | Found a glowing golden altar of the Shining One.
  3141 | D:5      | Found Tedolo's Antique Weapon Emporium.
  3367 | D:6      | Found a basalt altar of Yredelemnul.
  3386 | D:6      | HP: 5/66 [something (5)]
  3399 | D:6      | Gained mutation: You are partially covered in iridescent scales. (AC +2) [mutagenic meat]
  3400 | D:6      | Gained mutation: You are resistant to hostile enchantments. (MR+) [mutagenic meat]
  3401 | D:6      | Gained mutation: You are robust. (+10% HP) [mutagenic meat]
  3402 | D:6      | Gained mutation: You have large cloven feet. [mutagenic meat]
  3613 | D:6      | Noticed Edmund
  3626 | D:6      | Killed Edmund
  3626 | D:6      | Reached skill level 9 in Unarmed Combat
  4122 | D:3      | Killed Cokeysmoke's ghost
  4122 | D:3      | Reached XP level 8. HP: 53/81 MP: 7/7
  4563 | D:4      | Killed no0bjke's ghost
  4563 | D:4      | Reached skill level 3 in Dodging
  4563 | D:4      | Reached skill level 10 in Unarmed Combat
  5129 | D:6      | Found a staircase to the Ecumenical Temple.
  5159 | Temple   | Entered the Ecumenical Temple
  5219 | Temple   | Became a worshipper of Warmaster Okawaru
  5219 | Temple   | Reached * piety under Okawaru
  5219 | Temple   | Reached ** piety under Okawaru
  5337 | D:6      | Reached skill level 4 in Dodging
  5613 | D:7      | Noticed a hippogriff
  5648 | D:7      | Killed a hippogriff
  5648 | D:7      | Reached skill level 5 in Dodging
  5880 | D:7      | Noticed a hippogriff
  5892 | D:7      | Killed a hippogriff
  5892 | D:7      | Reached skill level 6 in Dodging
  5892 | D:7      | Reached XP level 9. HP: 74/88 MP: 8/8
  5941 | D:7      | Reached *** piety under Okawaru
  6210 | D:7      | Got a scorched war axe
  6211 | D:7      | Identified the cursed +1 war axe of Xioggyg {chop, Dex+2} (You found it on level 7 of the Dungeon)
  6258 | D:7      | Noticed a hill giant
  6283 | D:7      | Killed a hill giant
  6283 | D:7      | Reached skill level 7 in Dodging
  6336 | D:7      | Reached skill level 8 in Dodging
  6667 | D:8      | Noticed Gruud's ghost (novice DsGl)
  7072 | D:8      | Found a hazy altar of Hepliaklqana.
  7250 | D:8      | Reached skill level 9 in Dodging
  7359 | D:8      | Killed Gruud's ghost
  7359 | D:8      | Reached XP level 10. HP: 96/96 MP: 6/9
  7432 | D:9      | Reached **** piety under Okawaru
  7591 | D:8      | Reached skill level 10 in Dodging
  7888 | D:9      | Reached skill level 1 in Throwing
  8073 | D:8      | Reached skill level 3 in Fighting
  8314 | D:9      | Found a staircase to the Orcish Mines.
  8345 | D:9      | Found an opulent altar of Gozag.
  8388 | D:9      | Found a stormy altar of Qazlal.
  8419 | D:9      | Reached skill level 4 in Fighting
  8524 | D:9      | Noticed Erica
  8541 | D:9      | Killed Erica
  8541 | D:9      | Reached skill level 5 in Fighting
  8767 | D:9      | Learned a level 2 spell: Blink
  8964 | D:9      | Reached skill level 6 in Fighting
  9027 | D:9      | Found a staircase to the Lair.
  9169 | Lair:1   | Entered Level 1 of the Lair of Beasts
  9471 | Lair:1   | Noticed Harold
  9532 | D:10     | Entered Level 10 of the Dungeon
  9580 | D:9      | HP: 9/110 [something (6)]
  9584 | D:9      | Killed an unseen horror
  9584 | D:9      | Reached ***** piety under Okawaru
  9584 | D:9      | Reached XP level 11. HP: 27/117 MP: 10/10
  9829 | D:10     | Found Xikhly's Food Emporium.
 10023 | D:10     | Found Fuliazia's Armour Shoppe.
 10057 | D:10     | Found Xogroax's Armour Shop.
 10298 | D:10     | You fall through a shaft for 3 floors!
 10298 | D:13     | Noticed a hill giant
 10301 | D:13     | Killed a hill giant
 10301 | D:13     | Reached skill level 7 in Fighting
 10611 | D:13     | Received a gift from Okawaru
 10733 | D:12     | Reached skill level 11 in Unarmed Combat
 10751 | D:12     | Reached skill level 1 in Translocations
 10946 | D:12     | Reached skill level 2 in Translocations
 11052 | D:12     | Found Poybuno's Antique Weapon Shoppe.
 11164 | D:11     | Noticed Josephine
 11192 | D:12     | Noticed Nessos
 11319 | D:11     | Noticed Nergalle
 11332 | D:10     | Killed Nergalle
 11332 | D:10     | Reached skill level 3 in Translocations
 11447 | D:10     | Bought a cursed -2 shield for 1 gold piece
 11461 | D:10     | Noticed a hill giant
 11473 | D:10     | Killed a hill giant
 11473 | D:10     | Reached skill level 1 in Shields
 11501 | D:10     | Found Irchacun's Magic Scroll Shop.
 11804 | D:10     | Reached skill level 12 in Unarmed Combat
 11835 | D:10     | Reached skill level 2 in Shields
 12019 | Lair:1   | Noticed Gastronok
 12028 | Lair:1   | Killed Gastronok
 12028 | Lair:1   | Reached skill level 3 in Shields
 12163 | Lair:1   | Reached XP level 12. HP: 122/129 MP: 11/11
 12321 | Lair:2   | Found a staircase to the Swamp.
 12323 | Lair:2   | Received a gift from Okawaru
 12522 | Lair:2   | Reached skill level 4 in Shields
 12624 | Lair:1   | Cast into level 1 of the Abyss (Harold)
 12685 | Abyss:1  | Reached skill level 5 in Shields
 12685 | Abyss:1  | Reached skill level 13 in Unarmed Combat
 12755 | Abyss:2  | Found a corrupted altar of Lugonu.
 12766 | Lair:1   | Escaped the Abyss
 12881 | Lair:2   | Found a staircase to the Snake Pit.
 13401 | Lair:2   | Received a gift from Okawaru
 13750 | Lair:3   | Reached skill level 6 in Shields
 14099 | Lair:2   | Got a slimy hand axe
 14100 | Lair:2   | Identified the +6 hand axe of Sagoap {chop, Int+3} (You found it on level 2 of the Lair of Beasts)
 14174 | Lair:3   | Noticed a seven-headed hydra
 14180 | Lair:3   | Killed a seven-headed hydra
 14415 | Lair:3   | Found a frozen archway.
 14424 | IceCv    | Entered an ice cave
 14664 | IceCv    | Reached skill level 1 in Invocations
 14796 | IceCv    | Noticed Dustman's ghost (novice HuGl)
 14819 | IceCv    | Killed Dustman's ghost
 14879 | IceCv    | Reached XP level 13. HP: 111/139 MP: 13/13
 14948 | IceCv    | Slain by a freezing wraith

Skill      XL: |  1  2  3  4  5  6  7  8  9 10 11 12 |
---------------+-------------------------------------+-----
Unarmed Combat | 4 5 6 8 9 10 12 13 | 13.9
Dodging        | 6 9 10 | 10.0
Throwing       | 1 |  1.0
Fighting       | 6 7 |  7.8
Translocations | 3 |  3.1
Shields        | 3 6 |  6.8
Invocations    | 1 |  1.4
Stealth        | |  1.0

Action                   |  1- 3 |  4- 6 |  7- 9 | 10-12 | 13-15 || total
-------------------------+-------+-------+-------+-------+-------++-------
Melee: Unarmed           |    76 |   123 |   321 |   776 |     8 ||  1304
       Punch             |       |     4 |    18 |    46 |       ||    68
       Kick              |       |       |    60 |   244 |     6 ||   310
 Fire: Blowgun           |       |       |       |     6 |       ||     6
Throw: Large rock        |       |       |       |     9 |       ||     9
       Tomahawk          |       |       |       |     1 |       ||     1
Invok: Heroism           |       |       |     5 |    26 |     1 ||    32
       Finesse           |       |       |       |     1 |       ||     1
Evoke: Wand              |       |       |       |     3 |       ||     3
  Use: Scroll            |     3 |       |     9 |    11 |       ||    23
       Potion            |       |       |       |     7 |       ||     7
 Stab: Sleeping          |     3 |     4 |     5 |     2 |       ||    14
  Eat: Chunk             |    19 |    11 |    40 |    68 |       ||   138
       Beef jerky        |       |       |     2 |       |       ||     2
       Royal jelly       |       |       |     1 |       |       ||     1
       Pizza             |       |       |     1 |       |       ||     1
Armor: Robe              |    12 |    41 |    62 |   206 |     3 ||   324
Dodge: Dodged            |    34 |    59 |   150 |   640 |     8 ||   891
